 Dungeon Crawl Stone Soup version 0.26.1-2-gb8aa6d0cf2 (webtiles) character file.

Game seed: 9435230825132907073

15 CryoSword the Skirmisher (level 2, -2/24 HPs)
             Began as a Formicid Abyssal Knight on Feb 16, 2021.
             Was a Follower of Lugonu.
             Slain by a kobold (3 damage)
             ... on level 1 of the Dungeon.
             The game lasted 00:02:21 (734 turns).

CryoSword the Skirmisher (Formicid Abyssal Knight)   Turns: 734, Time: 00:02:21

Health: -2/24      AC:  3    Str: 16    XL:     2   Next: 65%
Magic:  3/3        EV: 11    Int: 11    God:    Lugonu [*.....]
Gold:   21         SH:  0    Dex: 10    Spells: 1/1 levels left

rFire    . . .     SeeInvis +   a - +1 hand axe
rCold    . . .     Faith    .   (no shield)
rNeg     . . .     Spirit   .   b - +0 leather armour
rPois    .         Reflect  .   (helmet unavailable)
rElec    .         Harm     .   (no cloak)
rCorr    .         Rampage  .   (no gloves)
Will     .....                  (no boots)
Stlth    +.........             (no amulet)
HPRegen  0.08/turn              (no ring)
MPRegen  0.08/turn              (no ring)

@: no status effects
A: permanent stasis, dig shafts and tunnels, four strong arms, antennae 3
a: Dig, Shaft Self, Renounce Religion, Depart the Abyss


You were on level 1 of the Dungeon.
You worshipped Lugonu.
Lugonu was aware of your devotion.
You visited 1 branch of the dungeon, and saw 1 of its levels.
You visited the Abyss 1 time.

You collected 21 gold pieces.

Inventory:

Hand Weapons
 a - a +1 hand axe (weapon)
Armour
 b - a +0 leather armour (worn)
Jewellery
 c - an uncursed amulet of faith {unknown}
   (You found it on level 1 of the Abyss)
Scrolls
 e - a scroll of enchant armour {unknown}
Potions
 d - a potion of might {unknown}
 f - 2 potions of haste {unknown}


   Skills:
 + Level 3.4 Fighting
 * Level 2.4 Axes
 - Level 2.1 Armour
 - Level 0.8 Dodging
 * Level 1.4 Stealth
 + Level 2.4 Invocations


You had one spell level left.
You didn't know any spells.
Your spell library was empty.

Dungeon Overview and Level Annotations

Branches:
Dungeon (1/15)

Altars:


Innate Abilities, Weirdness & Mutations

You cannot be hasted, slowed, berserked, paralysed or teleported.
You can dig through walls and to a lower floor.
Your four strong arms can wield two-handed weapons with a shield.
You have a pair of large antennae on your head. (SInv)


Message History

You see here a frilled lizard corpse.
The leopard gecko barely misses you.
You hit the leopard gecko. The leopard gecko barely misses you.
You slash the leopard gecko!
You kill the leopard gecko!
Lugonu accepts your kill.
Your Stealth skill increases to level 1!
You have reached level 2!
Found a short sword and a leather armour.
A rat comes into view.
The rat closely misses you.
You closely miss the rat. The rat closely misses you.
You closely miss the rat. The rat closely misses you. The rat bites you.
You hit the rat. The rat bites you.
You hit the rat.
You kill the rat!
Lugonu accepts your kill.
No target in view!
e - a scroll labelled HAYFUTZAWEN
Found a robe.
You now have 9 gold pieces.
f - 2 grey potions A ball python comes into view.
A ball python is nearby!
No target in view!
No target in view!
Found a hand axe.
You now have 21 gold pieces (gained 12).
Found a stone staircase leading down.
A goblin comes into view. It is wielding a +0 club.
Found a leather armour.
A goblin is nearby!
A rat and a giant cockroach come into view.
The goblin shouts!
The ball python hisses angrily.
A goblin comes into view.
Found a club.
A goblin comes into view.
The goblin shouts!
You stumble into a teleport trap!
You feel a strange sense of stasis.
The goblin shouts!
The ball python bites you but does no damage.
The ball python grabs you. The ball python constricts you.
You escape the ball python's grasp.
The goblin completely misses you.
You barely miss the goblin. The goblin hits you but does no damage.
Your leather armour prevents you from hitting the goblin.
The goblin hits you but does no damage.
You miss the goblin. The goblin closely misses you.
The rat twitches its whiskers.
You hit the goblin. The goblin hits you with a +0 club.
You barely miss the goblin. The goblin closely misses you.
You closely miss the goblin. The goblin barely misses you.
You closely miss the goblin. The goblin closely misses you.
The goblin barely misses you.
You hit the goblin. The goblin hits you but does no damage.
You hit the goblin.
You kill the goblin!
Lugonu accepts your kill.
You hit the goblin. The goblin closely misses you.
The goblin completely misses you.
You hit the goblin.
You kill the goblin!
Lugonu accepts your kill. The ball python misses you.
The ball python grabs you. The ball python constricts you.
You slash the ball python!
You kill the ball python!
Lugonu accepts your kill. The rat misses you.
You hit the rat.
You kill the rat!
Lugonu accepts your kill.
You can now depart the Abyss.
You hit the giant cockroach. The giant cockroach closely misses you.
The giant cockroach barely misses you.
You hit the giant cockroach.
You kill the giant cockroach!
Lugonu accepts your kill.
You closely miss the goblin. The goblin hits you.
You closely miss the goblin. The goblin barely misses you.
You hit the goblin. The goblin hits you but does no damage.
You slash the goblin!
You kill the goblin!
Lugonu accepts your kill.
Items here: ) ††††.
You start resting.
A kobold comes into view.
A gnoll comes into view. It is wielding a +0 spear.
The gnoll shouts!
A kobold comes into view.
A kobold comes into view. It is wielding a +0 whip.
The kobold shouts! x2; You hear a shout! x2
The kobold hits you.
A hobgoblin comes into view.
You closely miss the kobold.
The kobold throws a stone.
The stone misses you. The kobold closely misses you.
The gnoll closely misses you. The kobold hits you.
You hit the kobold. The gnoll misses you. The kobold hits you.
A rat comes into view.
The gnoll hits you from afar with a +0 spear.
The kobold throws a stone.
The stone hits you but does no damage.
Things that are here:
a stone; a short sword A kobold comes into view.
It is wielding a +0 short sword.
You completely miss the kobold.
The kobold shouts!
The kobold closely misses you.
You hit the kobold but do no damage.
The gnoll hits you from afar with a +0 spear.
* * * LOW HITPOINT WARNING * * *
The kobold hits you.
* * * LOW HITPOINT WARNING * * *
You see here a frilled lizard skeleton.
A rat comes into view.
The kobold throws a stone.
The stone barely misses you.
You hear a splash.
The kobold throws a stone.
The stone barely misses you.
You see here a stone.
The gnoll hits you from afar with a +0 spear!
* * * LOW HITPOINT WARNING * * *
There is a staircase leading out of the dungeon here.
The kobold throws a stone.
The stone barely misses you.
You hear a splash.
The rat twitches its whiskers.
The kobold throws a stone.
The stone completely misses you.
The kobold throws a stone.
The stone closely misses you.
The kobold throws a stone.
The stone hits you but does no damage. The kobold hits you but does no damage.
You barely miss the kobold. The kobold barely misses you.
You closely miss the kobold. The kobold barely misses you.
Found a club.
Found a stone staircase leading down.
You see here a club.
A rat and a goblin come into view.
A kobold comes into view. It is wielding a +0 dagger.
The kobold shouts!
The goblin hits you with a +0 dagger.
* * * LOW HITPOINT WARNING * * *
The rat bites you but does no damage.
You closely miss the rat. You closely miss the kobold.
You barely miss the goblin. You completely miss the kobold.
The kobold completely misses you. The kobold hits you but does no damage.
The goblin misses you. The rat bites you.
* * * LOW HITPOINT WARNING * * *
The rat bites you.
* * * LOW HITPOINT WARNING * * *
The kobold hits you.
You die...

#.≈≈≈...≈.. ........#
#..K≈≈.≈≈(. ...#...#
#.K≈≈≈r≈≈≈≈ ......#
##.{≈≈≈≈≈≈≈. #.....#
#.≈..≈≈r≈≈.. #.....#
#K...≈≈...≈≈ .....
#..(#.≈...≈≈
#..####.#.##{.#.≈≈≈
#.@..## #..#####≈≈≈
###.#..K.# ##{{#.##...
#.....rK.#######..###..
#.#....g.gK){K##...####
###....####.....##
#....# ####### #....#
......# ##.....#


You could see a gnoll, a goblin, 3 kobolds and a rat.

Vanquished Creatures
  A leopard gecko (D:1)
  A ball python (D:1)
  A giant cockroach (D:1)
  4 goblins (D:1)
  2 bats (D:1)
  A frilled lizard (D:1)
  3 rats (D:1)
13 creatures vanquished.

Notes
Turn   | Place    | Note
-------+----------+-------------------------------------------
     0 | Abyss:1  | CryoSword the Formicid Abyssal Knight began the quest for
                  | the Orb.
     0 | Abyss:1  | Reached XP level 1. HP: 18/18 MP: 2/2
    78 | Abyss:1  | Noticed a large abomination
    98 | Abyss:1  | Noticed a thrashing horror
   101 | Abyss:1  | Noticed a small abomination
   102 | D:1      | Escaped the Abyss
   448 | D:1      | Reached skill level 1 in Stealth
   448 | D:1      | Reached XP level 2. HP: 24/24 MP: 3/3
   602 | D:1      | Reached * piety under Lugonu
   733 | D:1      | HP: 1/24 [rat (2)]
   734 | D:1      | Slain by a kobold

Illustrated notes

Levels and vault maps discovered:
D:1:      dpeg_arrival_subterranean_lakeside_camping, layout_basic,
          minmay_tromino_i2

Skill      XL: |  1 |
---------------+----+-----
Stealth        | 1 |  1.4
Fighting       | |  3.4
Axes           | |  2.4
Armour         | |  2.1
Dodging        | |  0.8
Invocations    | |  2.4

Action                   || total
-------------------------++-------
Melee: Hand axe          ||    50
Invok: Depart the Abyss  ||     1
  Use: Scroll            ||     1
Armor: Leather armour    ||    22
Dodge: Dodged            ||    55
